 Dungeon Crawl Stone Soup version 0.22-a0-458-gb446440 (webtiles) character file.

6405 suicidejoker the Protected (level 10, -4/91 HPs)
             Began as a Gargoyle Fighter on June 9, 2018.
             Was an Initiate of Gozag.
             Slain by an ice devil (14 damage)
             ... in an ice cave.
             The game lasted 00:21:46 (10376 turns).

suicidejoker the Protected (Gargoyle Fighter)      Turns: 10376, Time: 00:21:47

Health: -4/91      AC: 27    Str: 33    XL:     10   Next: 98%
Magic:  13/13      EV:  9    Int:  8    God:    Gozag
Gold:   2028       SH:  0    Dex: 10    Spells: 9/9 levels left

rFire    . . .     SeeInvis .   h - +1 dagger (flame)
rCold    . . .     Gourm    .   (no shield)
rNeg     + . .     Faith    .   q - +2 chain mail {rPois}
rPois    ∞         Spirit   .   A - +0 helmet
rElec    +         Reflect  .   z - +0 cloak
rCorr    .         Harm     .   x - +2 pair of gloves
MR       .....                  (no boots)
Stlth    ..........             C - amulet of rage
HPRegen  0.25/turn              g - +1 ring of protection
MPRegen  0.13/turn              G - +5 ring of strength

@: berserking (expiring), gold aura, very quick
A: negative energy resistance 1, electricity resistance, unbreathing,
petrification resistance, rot immunity, AC +7
a: Potion Petition, Call Merchant, Bribe Branch, Renounce Religion, Evoke
Berserk Rage


You were in an ice cave.
You worshipped Gozag.
Gozag was most pleased with you.
You were near starving.

You visited 3 branches of the dungeon, and saw 12 of its levels.
You also visited: Sewer and Ice Cave.

You collected 2122 gold pieces.
You paid 94 gold pieces to Gozag.

Inventory:

Hand Weapons
 a - the +5 battleaxe of the Hills {freeze, rC- Dex+5}
   (You found it on level 7 of the Dungeon)

   It has been specially enchanted to freeze those struck by it, causing extra
   injury to most foes and up to half again as much damage against particularly
   susceptible opponents.
   It can also slow down cold-blooded creatures.
   It affects your dexterity (+5).
   It makes you vulnerable to cold.
 b - a +0 blowgun
 d - a +3 great sword
 h - a +1 dagger of flaming (weapon)
 i - a cursed -1 dagger
 j - a +0 short sword of speed
 k - a +0 flail of holy wrath
 F - a +0 flail of protection
 L - a cursed +1 scimitar of freezing
 M - a +0 long sword
 R - a +2 dagger of holy wrath
Missiles
 o - 80 poisoned needles
 y - 73 arrows
 D - 25 bolts
 P - 20 tomahawks (quivered)
Armour
 c - a +0 shield
 q - a +2 chain mail of poison resistance (worn)
 x - a +2 pair of gloves (worn)
 z - a +0 cloak (worn)
 A - a +0 helmet (worn)
Jewellery
 g - a +1 ring of protection (left hand)
 t - an uncursed ring of stealth
 C - an amulet of rage (around neck)
 G - a +5 ring of strength (right hand)
 J - an uncursed ring of resist corrosion
Wands
 s - a wand of disintegration (6)
 H - a wand of flame (15)
Scrolls
 e - 3 scrolls of random uselessness
 p - 2 scrolls of magic mapping
 w - 2 scrolls of immolation
 B - 2 scrolls of teleportation
 E - 2 scrolls of amnesia
 I - 4 scrolls of identify
 K - 3 scrolls of remove curse
 N - 2 scrolls of fear
Potions
 l - a potion of berserk rage
 m - 3 potions of brilliance
 u - 3 potions of flight
 v - a potion of curing
Miscellaneous
 r - a lamp of fire
Comestibles
 f - 11 rations


   Skills:
 + Level 6.8 Fighting
 - Level 5.7 Long Blades
 * Level 4.2 Axes
   Level 2.3(2.7) Slings
 + Level 1.9(2.4) Throwing
 * Level 9.1 Armour
 + Level 5.3 Stealth
 * Level 9.1 Shields
 + Level 4.0 Evocations


You had 9 spell levels left.
You didn't know any spells.
Your spell library contained the following spells:

 Spells                   Type           Power        Failure   Level  Hunger
 Throw Frost              Conj/Ice       #.....       93%         2    ###....
 Venom Bolt               Conj/Pois      #.........   100%        5    ######.
 Olgreb's Toxic Radiance  Pois           #.......     100%        4    #####..
 Freeze                   Ice            #...         83%         1    ##.....
 Summon Ice Beast         Ice/Summ       #.......     100%        4    #####..
 Ozocubu's Armour         Chrm/Ice       #.......     99%         3    ####...
 Throw Icicle             Conj/Ice       #.......     100%        4    #####..
 Alistair's Intoxication  Tmut/Pois      #.......     100%        5    ######.
 Petrify                  Tmut/Erth      #.......     100%        4    #####..
 Poisonous Vapours        Pois/Air       #.....       93%         2    ###....


Dungeon Overview and Level Annotations

Branches:
Dungeon (9/15)             Temple (1/1) D:5             Orc (2/2) D:9
   Lair: D:8-11         Elf: Orc:2

Altars:
Ashenzari
Dithmenos
Elyvilon
Fedhas
Gozag
Hepliaklqana
Nemelex Xobeh
Qazlal
Ru
Sif Muna
Trog
Uskayaw
Vehumet
Wu Jian
Xom
Yredelemnul
Zin
The Shining One

Annotations:
D:6 1 runed door


Innate Abilities, Weirdness & Mutations

You are resistant to torment.
Your stone body is resilient. (AC +7)
You are immune to poison.
You resist negative energy. (rN+)
You are resistant to electric shocks. (rElec)
You can survive without breathing.
You are immune to petrification.
You are immune to rotting.


Message History

The ice devil is moderately wounded.
You hit the ice devil but do no damage.
The ice devil is moderately wounded.
The ice devil hits you but does no damage.
The ice devil barely misses you.
The ice devil hits you but does no damage.
You hit the ice devil. You burn the ice devil.
The ice devil is moderately wounded.
The ice devil closely misses you.
The ice devil hits you but does no damage.
You hit the ice devil but do no damage.
The ice devil is moderately wounded.
The ice devil hits you but does no damage.
You puncture the ice devil! You burn the ice devil.
The ice devil is heavily wounded.
The ice devil hits you.
* * * LOW HITPOINT WARNING * * *
The ice devil freezes you!
You die...
Your body crumbles into a pile of gold.

§§§§.##.#.§
§§...#.#.
#.......##
#........#
#.......#
#..$4..#
#.54..#
##444##
##@## ###


You could see 5 ice devils and a white imp.

Vanquished Creatures
  Nergalle (Orc:1)
  An ice devil (IceCv)
  A hippogriff (D:6)
  The ghost of Rexfelis the Chopper, an amateur HOMo (D:3)
  A water moccasin (D:6)
  9 orc warriors
  2 ice beasts
  2 black bears
  2 phantoms
  7 ogres
  3 sky beasts
  A big kobold (D:8)
  A wyvern zombie (D:7)
  6 bullfrogs
  3 scorpions
  4 killer bees
  5 wights (D:7)
  2 howler monkeys (D:5)
  2 crimson imps
  A bullfrog zombie (D:6)
  13 orc priests
  3 hounds
  18 orc wizards
  An iguana (D:5)
  11 worker ants
  A hound zombie (D:7)
  2 hound skeletons
  A worker ant zombie (D:6)
  4 gnolls
  11 adders
  A shadow imp (D:7)
  A white imp (IceCv)
  An ufetubus (IceCv)
  2 oozes (D:4)
  3 worms
  4 dart slugs
  8 leopard geckos
  72 orcs
  4 ball pythons
  14 giant cockroaches
  10 goblins
  8 hobgoblins
  12 jackals
  5 quokkas
  11 bats
  8 frilled lizards
  A jackal skeleton (D:6)
  7 kobolds
  A quokka zombie (D:5)
  14 rats
  A spectral orc (D:7)
308 creatures vanquished.

Vanquished Creatures (others)
  4 white imps (IceCv)
  An ufetubus (IceCv)
  A frilled lizard (D:4)
6 creatures vanquished.

Grand Total: 314 creatures vanquished

Notes
Turn   | Place    | Note
-------+----------+-------------------------------------------
     0 | D:1      | suicidejoker the Gargoyle Fighter began the quest for the Orb.
     0 | D:1      | Reached XP level 1. HP: 14/14 MP: 1/1
   108 | D:1      | Reached XP level 2. HP: 8/19 MP: 2/2
   538 | D:1      | Reached XP level 3. HP: 19/23 MP: 3/3
  1005 | D:2      | Reached XP level 4. HP: 23/29 MP: 4/4
  1300 | D:2      | Found a stormy altar of Qazlal.
  1315 | D:2      | Found a white marble altar of Elyvilon.
  2069 | D:3      | Noticed Rexfelis's ghost (amateur HOMo)
  2094 | D:3      | Killed Rexfelis's ghost
  2094 | D:3      | Reached skill level 1 in Slings
  2094 | D:3      | Reached XP level 5. HP: 28/33 MP: 5/5
  2094 | D:3      | Reached XP level 6. HP: 32/38 MP: 6/6
  2250 | D:3      | Found a sparkling altar of Nemelex Xobeh.
  3020 | D:4      | Reached skill level 5 in Armour
  3020 | D:4      | Reached skill level 5 in Shields
  3047 | D:4      | Reached XP level 7. HP: 10/43 MP: 7/7
  3281 | D:4      | Found a glowing drain.
  3285 | Sewer    | Entered a sewer
  4310 | D:5      | Entered Level 5 of the Dungeon
  4447 | D:5      | Reached skill level 1 in Stealth
  4447 | D:5      | Reached XP level 8. HP: 46/48 MP: 8/8
  4673 | D:5      | Found a staircase to the Ecumenical Temple.
  4698 | Temple   | Entered the Ecumenical Temple
  4764 | Temple   | Became a worshipper of Gozag Ym Sagoz the Greedy
  4785 | D:5      | Reached skill level 1 in Evocations
  5115 | D:5      | Found a hide-covered altar of Uskayaw.
  5116 | D:5      | Found a radiant altar of Vehumet.
  5587 | D:6      | Reached skill level 5 in Fighting
  5773 | D:6      | Found a runed door.
  5799 | D:6      | Found a runed door.
  5876 | D:6      | Reached skill level 5 in Long Blades
  6081 | D:6      | Reached XP level 9. HP: 47/54 MP: 10/10
  6091 | D:6      | Found a glowing golden altar of the Shining One.
  6094 | D:6      | Found a shimmering altar of Xom.
  6390 | D:6      | Found an opulent altar of Gozag.
  6836 | D:7      | Got a translucent battleaxe
  6837 | D:7      | Identified the +5 battleaxe of the Hills {freeze, rC- Dex+5} (You found it on level 7 of the Dungeon)
  7268 | D:7      | Reached skill level 1 in Axes
  7411 | D:7      | Found a basalt altar of Yredelemnul.
  7919 | D:8      | Reached XP level 10. HP: 60/60 MP: 12/12
  8882 | D:9      | Identified the Volume of Virous Clay
  9119 | D:9      | Found a staircase to the Orcish Mines.
  9387 | D:9      | Found a glowing silver altar of Zin.
  9531 | Orc:1    | Entered Level 1 of the Orcish Mines
  9635 | Orc:1    | Reached skill level 1 in Throwing
  9827 | Orc:2    | Entered Level 2 of the Orcish Mines
  9838 | Orc:1    | Noticed Nergalle
  9852 | Orc:1    | Killed Nergalle
  9852 | Orc:1    | Reached skill level 5 in Stealth
 10011 | Orc:1    | Found a frozen archway.
 10018 | IceCv    | Entered an ice cave
 10376 | IceCv    | Slain by an ice devil

Vault maps used:
D:1:      minmay_arrival_widening_spiral_wide
D:2:      minitemple
D:3:      nicolae_overflow_crystal_walls
D:4:      gup_sewer_entry_bowl
D:5:      gammafunk_temple_overflow_pools, temple_green, first_ration
D:6:      lemuel_insect_pit, grunt_temple_overflow_open, basic_altar,
          grunt_ministairs_10, serial_bayou_pond_c, minmay_three_doors
D:7:      yredelemnul_forgotten_temple_becter
D:9:      kennysheep_little_box, hiddenorc2_lemuel
Temple:   dshaligram_water_room_temple
Orc:1:    portal_ice_cave_entry_pillars_2, uniq_nergalle
Orc:2:    grunt_orc_gardens, grunt_orc_garden, grunt_orc_garden,
          grunt_orc_garden, grunt_orc_garden, uniq_josephine, uniq_erolcha
Sewer:    sewer_frog_island_01
IceCv:    ice_cave_small_demon

Skill      XL: |  1  2  3  4  5  6  7  8  9 10 |
---------------+-------------------------------+-----
Long Blades    | 2 3 4 5 |  5.7
Armour         | 4 5 6 8 9 |  9.1
Shields        | 4 5 6 7 9 |  9.1
Fighting       | 4 5 6 |  6.8
Slings         | 1 2 |  2.3
Stealth        | 1 2 4 5 |  5.3
Evocations     | 2 3 4 |  4.0
Axes           | 2 4 |  4.2
Throwing       | 1 |  1.9

Action                   |  1- 3 |  4- 6 |  7- 9 | 10-12 || total
-------------------------+-------+-------+-------+-------++-------
Melee: Long sword        |   111 |   114 |    16 |       ||   241
       Great sword       |       |    38 |   242 |       ||   280
       Short sword       |       |    14 |    36 |       ||    50
       Dagger            |       |       |   108 |    24 ||   132
       Battleaxe         |       |       |    67 |   212 ||   279
 Fire: Hunting sling     |       |     7 |       |       ||     7
Throw: Tomahawk          |       |       |       |     5 ||     5
 Abil: Evoke Berserk Rag |       |       |       |     2 ||     2
  Use: Potion            |       |     6 |     5 |     3 ||    14
       Scroll            |       |    12 |     8 |     3 ||    23
 Stab: Sleeping          |       |       |     1 |       ||     1
       Distracted        |       |       |     1 |     4 ||     5
  Eat: Chunk             |       |     7 |     5 |       ||    12
       Ration            |       |       |     3 |     3 ||     6
Armor: Scale mail        |    95 |   118 |   408 |       ||   621
       Chain mail        |       |       |    12 |   275 ||   287
Dodge: Dodged            |    46 |    61 |   301 |   134 ||   542
Block: Shield            |    67 |    45 |       |       ||   112
       Rpst.: Long sword |    18 |     7 |     9 |       ||    34
       Great sword       |       |     6 |    61 |       ||    67

Table legend:
 A = Spawn XP
 B = Non-spawn XP
 C = Spawn XP percentage of total XP
 D = Spawn monster count
 E = Non-spawn monster count
 F = Spawn count percentage of total count
 G = Total turns spent on level
                    A         B        C        D         E        F      G
               +---------+---------+-------+---------+---------+-------+---------
         Total |       0 |    9150 |   0.0 |       0 |     308 |   0.0 | 10376
               +---------+---------+-------+---------+---------+-------+---------
           D:1 |       0 |      48 |   0.0 |       0 |      22 |   0.0 |   917
           D:2 |       0 |      99 |   0.0 |       0 |      26 |   0.0 |   946
           D:3 |       0 |     308 |   0.0 |       0 |      24 |   0.0 |  1075
           D:4 |       0 |     271 |   0.0 |       0 |      25 |   0.0 |   912
           D:5 |       0 |     626 |   0.0 |       0 |      12 |   0.0 |  1108
           D:6 |       0 |    1381 |   0.0 |       0 |      31 |   0.0 |  1122
           D:7 |       0 |     998 |   0.0 |       0 |      25 |   0.0 |   847
           D:8 |       0 |    1077 |   0.0 |       0 |      29 |   0.0 |  1051
           D:9 |       0 |    1070 |   0.0 |       0 |      54 |   0.0 |  1010
         Orc:1 |       0 |    2573 |   0.0 |       0 |      38 |   0.0 |   476
         Orc:2 |       0 |     116 |   0.0 |       0 |       1 |   0.0 |    11
         Sewer |       0 |     224 |   0.0 |       0 |      18 |   0.0 |   460
         IceCv |       0 |     359 |   0.0 |       0 |       3 |   0.0 |   358
               +---------+---------+-------+---------+---------+-------+---------
